 Dungeon Crawl Stone Soup version 0.29-a0-551-gffc1d7fb78 (webtiles) character file.

Game seed: 11130590077646623198

96 NateTC the Cudgeller (level 4, 0/44 HPs)
             Began as a Troll Fighter on June 5, 2022.
             Slain by an orc wizard
             ... wielding a +0 dagger
              (2 damage)
             ... on level 4 of the Dungeon.
             The game lasted 00:02:49 (2129 turns).

NateTC the Cudgeller (Troll Fighter)                Turns: 2129, Time: 00:02:50

Health: 0/44       AC:  4    Str: 26    XL:     4   Next: 41%
Magic:  3/3        EV:  8    Int:  4    God:
Gold:   159        SH:  7    Dex:  9    Spells: 3/3 levels left

rFire   + . .      SeeInvis .   a - +0 flail
rCold   . . .      Faith    .   c - +0 kite shield
rNeg    . . .      Spirit   .   l - +0 robe {rF+}
rPois   .          Reflect  .   (helmet restricted)
rElec   .          Harm     .   (no cloak)
rCorr   .          Rampage  .   (gloves unavailable)
Will    .....                   (boots unavailable)
Stlth   +.........              (no amulet)
HPRegen 0.94/turn               (no ring)
MPRegen 0.08/turn               (no ring)

@: no status effects
A: large, unfitting armour, claws 3, regeneration 1, shaggy fur 1, tough skin 1
a: no special abilities


You were on level 4 of the Dungeon.
You visited 1 branch of the dungeon, and saw 4 of its levels.

You collected 159 gold pieces.

Inventory:

Hand Weapons
 a - a +0 flail (weapon)
Armour
 b - a +0 robe
 c - a +0 kite shield (worn)
 l - a +0 robe of fire resistance (worn)
Jewellery
 f - a ring of magical power
 n - a ring of resist corrosion
Scrolls
 j - a scroll of silence
 k - a scroll of noise
Potions
 d - a potion of might
 e - a potion of lignification {unknown}
 g - 2 potions of haste
 h - a potion of berserk rage {unknown}
 i - 4 potions of curing
 m - a potion of experience {unknown}
 p - a potion of heal wounds {unknown}


   Skills:
 - Level 2.4 Fighting
 * Level 4.3 Maces & Flails
 - Level 2.4 Dodging
 - Level 2.6 Shields


You had 3 spell levels left.
You didn't know any spells.
Your spell library contained the following spells:

 Spells                   Type           Power      Damage    Failure   Level
 Ignite Poison            Fire/Tmut/Pois 0%         N/A       99%         3
 Mephitic Cloud           Conj/Pois/Air  0%         N/A       99%         3
 Animate Armour           Summ/Erth      0%         N/A       100%        4
 Blade Hands              Tmut           0%         N/A       100%        5
 Freezing Cloud           Conj/Ice/Air   0%         6-21      100%        5
 Iron Shot                Conj/Erth      0%         9d1       100%        6


Dungeon Overview and Level Annotations

Branches:
Dungeon (4/15)
 Temple: D:4-7

Altars:

Shops:
D:3 ?

Annotations:
D:4 xian's ghost, amateur DsWz


Innate Abilities, Weirdness & Mutations

You are too large for most types of armour.
You have claws for hands.
Your natural rate of healing is unusually fast.
You are covered in fur. (AC +1)
You have tough skin. (AC +1)


Message History

You are too injured to fight recklessly!
You are too injured to fight recklessly!
You are too injured to fight recklessly!
You are too injured to fight recklessly!
You are too injured to fight recklessly!
You are too injured to fight recklessly!
You are too injured to fight recklessly!
You are too injured to fight recklessly!
You are too injured to fight recklessly!
You are too injured to fight recklessly!
You are too injured to fight recklessly!
You are too injured to fight recklessly!
You are too injured to fight recklessly!
You are too injured to fight recklessly!
Something completely misses you. The orc hits you with a +0 trident.
* * * LOW HITPOINT WARNING * * *
You see here a giant cockroach corpse.
You closely miss the orc. Something hits you.
* * * LOW HITPOINT WARNING * * *
The orc closely misses you. The orc hits you with a +0 club.
* * * LOW HITPOINT WARNING * * *
You hit the orc but do no damage. You block the orc's attack.
Something hits you but does no damage. The orc hits you with a +0 club.
* * * LOW HITPOINT WARNING * * *
You hit the orc but do no damage. The orc hits you but does no damage.
The orc hits you with a +0 trident.
* * * LOW HITPOINT WARNING * * *
Something hits you.
* * * LOW HITPOINT WARNING * * *
You sock the orc!
You kill the orc!
The orc hits you with a +0 club.
* * * LOW HITPOINT WARNING * * *
Something hits you but does no damage. x2; You block the orc's attack.
You block something's attack.
Xian's ghost says, "I practised a lot since I died."
Things that are here:
a +0 trident; a +0 ring mail; an orc corpse Something hits you.
You die...

.# .# # ###.#### ###.
......######## .
...#+#.##........#####
..##....................
........................
#....@....####........
##...{o................
.?......................
.#####..####..........##
#### ###..........


..ZWZ .. ##....).... ###... ... #..###.... .... #..##..# #.... ..=... ..#...#
##... You could see xian's ghost, a hound simulacrum, a scorpion simulacrum and
an orc.

Vanquished Creatures
  An adder (D:2)
  A worm (D:2)
  7 orcs
  6 ball pythons
  7 endoplasms
  5 giant cockroaches
  5 goblins
  3 hobgoblins
  8 jackals
  2 quokkas
  9 bats
  3 frilled lizards
  8 kobolds
  3 rats
68 creatures vanquished.

Vanquished Creatures (others)
  A plant (D:1)
1 creature vanquished.

Grand Total: 69 creatures vanquished

Notes
Turn   | Place    | Note
-------+----------+-------------------------------------------
     0 | D:1      | NateTC the Troll Fighter began the quest for the Orb.
     0 | D:1      | Reached XP level 1. HP: 22/22 MP: 0/0
    41 | D:1      | Reached skill level 2 in Maces & Flails
   125 | D:1      | Reached XP level 2. HP: 24/29 MP: 1/1
   312 | D:1      | Found a faded altar of an unknown god.
   453 | D:1      | Reached skill level 3 in Maces & Flails
   717 | D:2      | Reached XP level 3. HP: 36/36 MP: 2/2
  1396 | D:3      | Reached XP level 4. HP: 32/44 MP: 3/3
  1405 | D:3      | Reached skill level 4 in Maces & Flails
  1614 | D:3      | Found Moegredu's Magic Scroll Shop.
  2115 | D:4      | Noticed xian's ghost (amateur DsWz)
  2126 | D:4      | HP: 1/44 [something (2)]
  2129 | D:4      | Slain by an orc wizard

Illustrated notes

Levels and vault maps discovered:
D:1:      psy_arrival_terrarium, layout_rooms,
          hellmonk_ecumenical_altar_blasted, chequers_big_river,
          lemuel_another_geyser
D:2:      layout_basic, serial_park_tiny_pond
D:3:      layout_basic, serial_shops, shop
D:4:      gammafunk_cloud_chamber, layout_basic, tso_altar,
          minmay_temple_entry_hall, gammafunk_ghost_icy

Skill      XL: |  1  2  3  4 |
---------------+-------------+-----
Maces & Flails | 2 3 4 |  4.3
Fighting       | |  2.4
Dodging        | |  2.4
Shields        | |  2.6

Action                   |  1- 3 |  4- 6 || total
-------------------------+-------+-------++-------
Melee: Flail             |   170 |    58 ||   228
  Use: Scroll            |     5 |     1 ||     6
Armor: Robe              |    93 |    30 ||   123
Dodge: Dodged            |    84 |    17 ||   101
Block: Kite shield       |    82 |    25 ||   107

Table legend: (Time is in decaauts)
 A = Elapsed time spent in this place.
 B = Non-inter-level travel time spent in this place.
 C = Inter-level travel time spent in this place.
 D = Time resting spent in this place.
 E = Time spent auto-exploring this place.
 F = Levels seen in this place.
 G = Mean time per level.
                   A        B        C        D        E       F      G
               +--------+--------+--------+--------+--------+-----+--------+
         Total |   2222 |   2144 |     78 |     43 |   1467 |   4 |  555.5 |
       Dungeon |   2222 |   2144 |     78 |     43 |   1467 |   4 |  555.5 |
               +--------+--------+--------+--------+--------+-----+--------+

Top non-repeatable levels by time:
     D:3: 785 daAuts
     D:2: 697 daAuts
     D:1: 688 daAuts
     D:4: 50 daAuts
